 Dungeon Crawl Stone Soup version 0.25-a0-424-g80bd347ae0 (webtiles) character file.

Game seed: 14695682074846426271, levelgen mode: deterministic

110 MrRokkomies the Sneak (level 4, -6/21 HPs)
             Began as a Spriggan Enchanter on Jan 21, 2020.
             Was an Initiate of Gozag.
             Mangled by an orc
             ... wielding a +0 flail
              (8 damage)
             ... on level 3 of the Dungeon.
             The game lasted 00:04:16 (2162 turns).

MrRokkomies the Sneak (Spriggan Enchanter)          Turns: 2162, Time: 00:04:17

Health: -6/21      AC:  3    Str:  5    XL:     4   Next: 61%
Magic:  5/9        EV: 19    Int: 16    God:    Gozag
Gold:   199        SH:  0    Dex: 16    Spells: 2/8 levels left

rFire    . . .     SeeInvis +   a - +1 dagger
rCold    . . .     Gourm    .   (shield restricted)
rNeg     . . .     Faith    .   b - +0 robe
rPois    .         Spirit   .   p - +1 hat
rElec    .         Reflect  .   (no cloak)
rCorr    .         Harm     .   (gloves unavailable)
MR       .....                  (boots unavailable)
Stlth    ++++......             (no amulet)
HPRegen  0.07/turn              o - ring of stealth
MPRegen  0.11/turn              (no ring)

@: gold aura, very quick
A: very small, unfitting armour, see invisible, herbivore, speed 3, slow
metabolism 2
a: Potion Petition, Call Merchant, Bribe Branch, Renounce Religion


You were on level 3 of the Dungeon.
You worshipped Gozag.
Gozag was aware of your devotion.
You were not hungry.

You visited 1 branch of the dungeon, and saw 3 of its levels.

You collected 217 gold pieces.
You paid 18 gold pieces to Gozag.

Inventory:

Hand Weapons
 a - a +1 dagger (weapon)
Missiles
 c - 7 poisoned darts (quivered)
 i - 3 boomerangs
 l - 23 sling bullets
Armour
 b - a +0 robe (worn)
 p - a +1 hat (worn)
Jewellery
 h - an uncursed ring of flight
 o - a ring of stealth (left hand)
Scrolls
 e - 5 scrolls of identify {unknown}
 f - 2 scrolls of enchant weapon {unknown}
 g - a scroll of blinking {unknown}
 m - a scroll of teleportation {unknown}
 q - a scroll of fear {unknown}
Potions
 j - a potion of lignification {unknown}
 k - 2 potions of curing {unknown}
 n - a potion of cancellation {unknown}
Comestibles
 d - 8 rations


   Skills:
 * Level 2.9 Short Blades
 + Level 3.9 Dodging
 + Level 5.2 Stealth
 - Level 2.6 Spellcasting
 * Level 4.8 Hexes


You had 2 spell levels left.
You knew the following spells:

 Your Spells              Type           Power        Failure   Level  Hunger
a - Corona                Hex            ###....      2%          1    #......
b - Ensorcelled Hibernat  Hex/Ice        #.....       11%         2    ##.....
c - Confusing Touch       Hex            ###.....     8%          3    ###....

Your spell library contained the following spells:

 Spells                   Type           Power        Failure   Level  Hunger
 Tukima's Dance           Hex            ###.....     8%          3    ###....
 Dazzling Flash           Conj/Hex       #.....       22%         3    ###....


Dungeon Overview and Level Annotations

Branches:
Dungeon (2/15)

Altars:
Dithmenos
Gozag
Vehumet


Innate Abilities, Weirdness & Mutations

You are very small and have problems with some larger weapons.
You are too small for most types of armour.
You have supernaturally acute eyesight. (SInv)
You are a herbivore.
You cover ground extremely quickly.
You need to consume almost no food.


Message History

You hit the orc but do no damage.
The orc is no longer distracted by gold.
You barely miss the orc. The orc hits you with a +0 flail!
* * * LOW HITPOINT WARNING * * *
Casting: Ensorcelled Hibernation (safe; 11% risk of failure)
Confirm with . or Enter, or press ? or * to list all spells.
Aiming: Ensorcelled Hibernation (safe; 11% risk of failure)
Press: ? - help, Shift-Dir - straight line, f - orc
Aim: an orc, wielding a +0 flail and wearing a +0 leather armour (chance to defeat MR: 58%)
The orc resists with significant effort.
The orc misses you.
Casting: Ensorcelled Hibernation (safe; 11% risk of failure)
Confirm with . or Enter, or press ? or * to list all spells.
Aiming: Ensorcelled Hibernation (safe; 11% risk of failure)
Press: ? - help, Shift-Dir - straight line, f/p - orc
Aim: an orc, wielding a +0 flail and wearing a +0 leather armour (chance to defeat MR: 58%)
The orc resists with significant effort.
The orc hits you with a +0 flail!
You die...
Your body crumbles into a pile of gold.

. . $ #. #.##### #.....#
....# #o.# #.@# #.$#
.######..# .........#
##.#
#######..###..#######
#######$............#
#........###.######.#####
#.#####..# #.# #......
#..# #.######..####


You could see an orc.

Vanquished Creatures
  4 adders
  An ooze (D:3)
  4 dart slugs (D:1)
  2 giant cockroaches (D:1)
  6 hobgoblins
  4 jackals (D:1)
  6 kobolds
  A ball python (D:2)
  6 bats
  5 frilled lizards
  17 goblins
  5 rats
61 creatures vanquished.

Notes
Turn   | Place    | Note
-------+----------+-------------------------------------------
     0 | D:1      | MrRokkomies the Spriggan Enchanter began the quest for the
                  | Orb.
     0 | D:1      | Reached XP level 1. HP: 9/9 MP: 5/5
    70 | D:1      | Reached XP level 2. HP: 3/13 MP: 6/6
   104 | D:1      | Learned a level 2 spell: Ensorcelled Hibernation
   860 | D:1      | Reached XP level 3. HP: 10/16 MP: 8/8
  1198 | D:1      | Reached skill level 5 in Stealth
  1423 | D:2      | Learned a level 3 spell: Confusing Touch
  1469 | D:2      | Found an opulent altar of Gozag.
  1501 | D:2      | Became a worshipper of Gozag Ym Sagoz the Greedy
  1519 | D:2      | Reached XP level 4. HP: 21/21 MP: 9/9
  1607 | D:2      | Found a shadowy altar of Dithmenos.
  1898 | D:2      | Found a radiant altar of Vehumet.
  2052 | D:2      | You fall into a shaft and drop 1 floor!
  2162 | D:3      | Mangled by an orc

Levels and vault maps discovered:
D:1:      minmay_arrival_solitary_statue, layout_rooms,
          minmay_misc_feat_nine_boxes, minmay_tetromino_l4
D:2:      layout_basic, vehumet_crystals, lemuel_round_altar,
          nicolae_dithmenos_shadow_blocks
D:3:      layout_loops_ring

Skill      XL: |  1  2  3 |
---------------+----------+-----
Hexes          | 4 |  4.8
Short Blades   | 2 |  2.9
Stealth        | 5 |  5.2
Dodging        | |  3.9
Spellcasting   | |  2.6

Action                   |  1- 3 |  4- 6 || total
-------------------------+-------+-------++-------
Melee: Dagger            |   154 |    83 ||   237
Throw: Dart              |    10 |       ||    10
 Cast: Ensorcelled Hiber |     6 |     2 ||     8
 Stab: Sleeping          |    11 |     4 ||    15
       Distracted        |     1 |       ||     1
Armor: Robe              |    11 |     6 ||    17
Dodge: Dodged            |   142 |    49 ||   191

Table legend:
 A = Non-vault XP
 B = Vault XP
 C = Vault XP percentage of total XP
 D = Non-vault monster count
 E = Vault monster count
 F = Vault count percentage of total count
                 A         B        C        D         E       F
            +---------+---------+-------+---------+---------+-------
      Total |     152 |       6 |   3.8 |      58 |       3 |   4.9
            +---------+---------+-------+---------+---------+-------
        D:1 |      69 |       6 |   8.0 |      37 |       3 |   7.5
        D:2 |      46 |       0 |   0.0 |      15 |       0 |   0.0
        D:3 |      37 |       0 |   0.0 |       6 |       0 |   0.0
            +---------+---------+-------+---------+---------+-------
